 305 Aisha the Ruffian (level 6, -3/59 HPs)
             Began as a Troll Monk on Oct 2, 2019.
             Slain by an ogre
             ... wielding a +0 giant club
              (10 damage)
             ... on level 5 of the Dungeon.
             The game lasted 00:01:51 (970 turns).

Aisha the Ruffian (Troll Monk)                       Turns: 970, Time: 00:01:51

Health: -3/59      AC:  6    Str: 22    XL:     6   Next: 15%
Magic:  5/5        EV: 10    Int:  6    God:
Gold:   7          SH:  0    Dex: 12    Spells: 5/5 levels left

rFire    . . .     SeeInvis .     - Unarmed
rCold    . . .     Gourm    +   (no shield)
rNeg     . . .     Faith    .   a - +0 robe
rPois    .         Spirit   .   (helmet restricted)
rElec    .         Reflect  .   (no cloak)
rCorr    .         Harm     .   (gloves unavailable)
MR       .....                  (boots unavailable)
Stlth    ++........             (no amulet)
HPRegen  0.59/turn              (no ring)
MPRegen  0.09/turn              (no ring)

@: no status effects
A: large, unfitting armour, claws 3, fast metabolism 3, gourmand, regeneration
1, shaggy fur 1, tough skin 3
a: no special abilities


Innate Abilities, Weirdness & Mutations

You are too large for most types of armour.
You have claws for hands.
Your metabolism is lightning-fast.
You like to eat raw meat.
Your natural rate of healing is unusually fast.
You are covered in fur. (AC +1)
You have extremely tough skin. (AC +3)


   Skills:
 - Level 2.4 Fighting
 - Level 2.4 Dodging
 - Level 1.0 Stealth
 * Level 7.0 Unarmed Combat


You had 5 spell levels left.
You didn't know any spells.
Your spell library contained the following spells:

 Spells                   Type           Power        Failure   Level  Hunger
 Magic Dart               Conj           #...         45%         1    ##.....
 Blink                    Tloc           N/A          58%         2    ###....
 Call Imp                 Summ           #.......     58%         2    ###....
 Slow                     Hex            #.......     58%         2    ###....
 Conjure Flame            Conj/Fire      #.......     83%         3    ####...
 Mephitic Cloud           Conj/Pois/Air  #.......     83%         3    ####...

Inventory:

Armour
 a - a +0 robe (worn)
Scrolls
 c - 3 scrolls of magic mapping {unknown}
 f - 2 scrolls of identify {unknown}
 h - 2 scrolls of remove curse {unknown}
 i - a scroll of holy word {unknown}
 j - a scroll of amnesia {unknown}
 m - a scroll of fog {unknown}
Potions
 d - a potion of berserk rage {unknown}
 e - a potion of heal wounds {unknown}
 g - a potion of curing {unknown}
 l - a potion of mutation {unknown}
Comestibles
 b - 6 rations {@e1}
 k - 2 chunks of flesh


Message History

Your Unarmed Combat skill increases to level 7!
No target in view!
No target in view!
An ogre comes into view. It is wielding a +0 giant club.
An ogre is nearby!
An ogre is nearby!
An ogre is nearby!
Found 16 arrows.
You are no longer corroded.
There is an open door here.
No target in view!
You barely miss the ogre. You claw the ogre!
The ogre is heavily wounded.
You scratch the ogre but do no damage.
The ogre is heavily wounded.
The ogre hits you with a +0 giant club!!
You completely miss the ogre.
The ogre is heavily wounded.
The ogre hits you with a +0 giant club!
* * * LOW HITPOINT WARNING * * *
You barely miss the ogre.
The ogre is heavily wounded.
You claw the ogre!
The ogre is almost dead.
The ogre hits you with a +0 giant club!!
* * * LOW HITPOINT WARNING * * *
You barely miss the ogre.
The ogre is almost dead.
The ogre hits you with a +0 giant club!
You die...

Skill      XL: |  1  2  3  4  5  6 |
---------------+-------------------+-----
Unarmed Combat | 4 5 6 7 |  7.0
Fighting       | |  2.4
Dodging        | |  2.4
Stealth        | |  1.0

Action                   |  1- 3 |  4- 6 || total
-------------------------+-------+-------++-------
Melee: Unarmed           |    40 |    65 ||   105
       Punch             |     1 |     2 ||     3
  Eat: Chunk             |     6 |     8 ||    14
Armor: Robe              |    15 |    13 ||    28
Dodge: Dodged            |    23 |    30 ||    53

Notes
Turn   | Place    | Note
-------+----------+-------------------------------------------
     0 | D:1      | Aisha the Troll Monk began the quest for the Orb.
     0 | D:1      | Reached XP level 1. HP: 22/22 MP: 0/0
    39 | D:2      | Found a shattered altar of Ashenzari.
    69 | D:3      | Noticed an orc wizard
    69 | D:3      | Noticed an orc wizard
    83 | D:3      | Killed an orc wizard
    83 | D:3      | Reached skill level 4 in Unarmed Combat
    83 | D:3      | Reached XP level 2. HP: 10/29 MP: 1/1
    83 | D:3      | Reached XP level 3. HP: 13/36 MP: 2/2
   346 | D:3      | Found a shadowy altar of Dithmenos.
   370 | D:3      | Reached skill level 5 in Unarmed Combat
   370 | D:3      | Reached XP level 4. HP: 31/44 MP: 3/3
   492 | D:4      | Reached XP level 5. HP: 28/50 MP: 4/4
   650 | D:4      | Reached skill level 6 in Unarmed Combat
   676 | D:4      | Found Numeuwuu's Assorted Antiques.
   679 | D:4      | Bought a scroll labeled BADAOWUMURI for 23 gold pieces
   679 | D:4      | Bought a scroll labeled SOHIEGO TYGAE for 23 gold pieces
   688 | D:4      | Found a deep blue altar of Sif Muna.
   905 | D:5      | Entered Level 5 of the Dungeon
   932 | D:5      | Reached XP level 6. HP: 59/59 MP: 5/5
   940 | D:5      | Reached skill level 7 in Unarmed Combat
   970 | D:5      | Slain by an ogre

Vanquished Creatures
  A scorpion (D:4)
  2 hounds (D:4)
  A jelly (D:5)
  4 orc wizards
  A hound skeleton (D:5)
  2 adders
  2 worms
  A leopard gecko (D:4)
  5 orcs
  A bat (D:2)
  2 quokkas
22 creatures vanquished.
